 Dungeon Crawl Stone Soup version 0.29.1-14-g9c671dbff4 (webtiles) character file.

Game seed: 7852150844316636941

2573 leafyfresh the Thaumaturge (level 9, -7/55 HPs)
             Began as a Djinni Ice Elementalist on Feb 18, 2023.
             Was an Initiate of Ashenzari.
             Mangled by a white ugly thing (16 damage)
             ... on level 7 of the Dungeon.
             The game lasted 00:13:02 (11275 turns).

leafyfresh the Thaumaturge (DjIE)                  Turns: 11275, Time: 00:13:03

Health: -7/55      AC:  3    Str:  7    XL:     9   Next: 87%
Gold:   424        EV: 14    Int: 28    God:    Ashenzari [......] SH:  0 Dex: 13

rFire   + + +      SeeInvis .   s - +2 hand axe (drain)
rCold   . . .      Faith    .   (no shield)
rNeg    . . .      Spirit   .   a - +0 robe
rPois   ∞          Reflect  .   u - +0 hat
rElec   .          Harm     .   G - scarf {rC+ rF+}
rCorr   .          Rampage  .   C - +0 pair of gloves of the Bound Planets {Range, Melee} (curse)
Will    .....                   (boots unavailable)
Stlth   ++........              (no amulet)
HPRegen 0.18/turn               H - +6 ring of intelligence
MPRegen 0.00/turn               (no ring)

@: flying
A: sickness immunity, fire resistance 2, cold vulnerability 1, float, innate
caster, HP casting, extra vitality 1
a: Renounce Religion, Shatter the Chains


You were on level 7 of the Dungeon.
You worshipped Ashenzari.
Ashenzari was noncommittal.
You visited 2 branches of the dungeon, and saw 8 of its levels.

You collected 424 gold pieces.

Inventory:

Hand Weapons
 f - a +0 spear
 s - a +2 hand axe of draining (weapon)
 x - a +3 short sword
Missiles
 g - 2 atropa-tipped darts (quivered)
 l - 3 throwing nets
Armour
 a - a +0 robe (worn)
 u - a +0 hat (worn)
 A - a +1 leather armour of cold resistance
 C - the cursed +0 pair of gloves of the Bound Planets (worn) {Range, Melee}
   (You found it on level 5 of the Dungeon)

   It has a curse which improves the following skills: Ranged Combat: Ranged
   Weapons and Throwing.
   Melee Combat: Short Blades, Long Blades, Axes, Maces & Flails, Polearms,
   Staves and Unarmed Combat.
 G - a scarf of resistance (worn)
Jewellery
 H - a +6 ring of intelligence (left hand)
Wands
 k - a wand of flame (5)
Scrolls
 b - 2 scrolls of poison {unknown}
 d - 2 scrolls of immolation {unknown}
 e - 4 scrolls of fear {unknown}
 h - 4 scrolls of magic mapping {unknown}
 i - 7 scrolls of identify {unknown}
 j - a scroll of amnesia {unknown}
 n - a scroll of enchant armour {unknown}
 o - 2 scrolls of vulnerability {unknown}
 r - 3 scrolls of enchant weapon {unknown}
 w - a scroll of brand weapon {unknown}
 y - 2 scrolls of teleportation {unknown}
 z - a scroll of fog {unknown}
 D - a scroll of noise {unknown}
 F - 2 scrolls of blinking {unknown}
Potions
 c - 2 potions of attraction
 m - a potion of berserk rage {unknown}
 p - 2 potions of lignification
 q - 2 potions of curing
 t - a potion of ambrosia {unknown}
 v - a potion of heal wounds {unknown}
 B - a potion of haste {unknown}
 E - a potion of resistance {unknown}


   Skills:
 - Level 6.4 Dodging
 - Level 1.8 Stealth
 + Level 9.4 Spellcasting


You had 7 spell levels left.
You knew the following spells:

 Your Spells              Type           Power      Damage    Failure   Level
a - Freeze                Ice            100%       1d11      1%          1
b - Frozen Ramparts       Ice            100%       1d16      1%          3
c - Ozocubu's Armour      Ice            60%        N/A       1%          3
d - Hailstorm             Conj/Ice       60%        3d13      1%          4
e - Sting                 Tmut/Pois      100%       1d8       1%          1
f - Scorch                Fire           100%       2d10      1%          2
g - Static Discharge      Conj/Air       60%        3-11/arc  1%          2
h - Teleport Other        Tloc           60%        N/A       1%          3
Your spell library was empty.

Dungeon Overview and Level Annotations

Branches:
Dungeon (7/15)             Temple (1/1) D:4

Altars:
Ashenzari
Cheibriados
Dithmenos
Elyvilon
Fedhas
Gozag
Hepliaklqana
Nemelex Xobeh
Okawaru
Qazlal
Ru
Uskayaw
Wu Jian
Xom
Yredelemnul
The Shining One

Shops:
D:5 *

Annotations:
D:4 2 runed translucent doors, Ast3rio's ghost, amateur HOFi


Innate Abilities, Weirdness & Mutations

You are immune to sickness and miasma.
You are immune to poison.
Your flesh is very heat resistant. (rF++)
You are vulnerable to cold. (rC-)
You float through the air rather than walking.
You learn spells naturally, not from books.
Your magical power is your life essence.
You have superior vitality. (+4 MHP)


Message History

You are no longer corroded.
You start resting.
HP restored.
You start waiting.
Done waiting.
You start waiting.
Done waiting.
There is a shaft here.
Ashenzari invites you to partake of a vision and a curse of ranged combat and melee combat.
Your +0 pair of gloves glows black for a moment.
e - 4 scrolls labelled BAFEGIDUNO (gained 1)
Found a stone staircase leading up.
No target in view!
You see here a +0 shortbow.
A white ugly thing comes into view.
You see here a scroll labelled XYDUIHEICRE.
A white ugly thing is nearby!
The white ugly thing gurgles horribly!
The white ugly thing barely misses you.
Casting: Teleport Other (safe; 1% risk of failure)
Confirm with . or Enter, or press ? or * to list all spells.
Okay, then.
Casting: Teleport Other (safe; 1% risk of failure)
Confirm with . or Enter, or press ? or * to list all spells.
Okay, then.
Casting: Teleport Other (safe; 1% risk of failure)
Confirm with . or Enter, or press ? or * to list all spells.
Aiming: Teleport Other (safe; 1% risk of failure)
Press: ? - help, Shift-Dir - straight line, f - white ugly thing
Aim: a white ugly thing (chance to affect: 71%)
The white ugly thing looks slightly unstable.
The white ugly thing tail-slaps you! The white ugly thing freezes you!!
Ouch! That really hurt!
Unknown command.
Unknown command.
The white ugly thing attacks as you move away!
The white ugly thing tail-slaps you!
* * * LOW HITPOINT WARNING * * *
The white ugly thing freezes you!
You die...

#.)...## #.# #.#.#####
#...#..#####.#### #.#.#....
#...##....##....# #.#.#.###
#...####..##.##.## #.#.#.# #
#...# ##...#.#...## ####.#.#.#
#
#...###..#.....#..###......#.#
#
#...##...##...##...........#.#
#
#...#....###.###?..........#.#
#(###.##.##@###..###.#.#.###
#..###.#.#u###...+..........
##..####.####....###.#.#.###
##.....⌠........# #.#.#.#
##..####.####..### #.#.#.#
#..###.#.#.###..# #.#.#.#
#.###.##.##.###.####.#.#.#
#....###.###.(....##)#.#.#
##...##...##.........#.#.#


You could see a white ugly thing (teleporting).

Vanquished Creatures
  A deep elf pyromancer (D:7)
  Eustachio (D:5)
  A water moccasin (D:5)
  An ice beast (D:5)
  2 black bears
  An orc warrior (D:6)
  An ogre (D:7)
  2 centaurs
  2 phantoms
  2 kobold brigands
  2 bullfrogs
  2 necrophages (D:5)
  2 scorpions
  2 jellies
  5 hounds
  5 iguanas
  An orc wizard (D:6)
  Robin (D:2)
  8 gnolls
  5 adders
  A white imp (D:7)
  An ufetubus (D:4)
  3 worms
  5 dart slugs
  14 orcs
  5 ball pythons
  7 bats
  10 endoplasms
  5 giant cockroaches
  15 goblins
  5 hobgoblins
  17 kobolds
  6 quokkas
  7 frilled lizards
  8 rats
156 creatures vanquished.

Vanquished Creatures (others)
  10 plants
10 creatures vanquished.

Grand Total: 166 creatures vanquished

Notes
Turn   | Place    | Note
-------+----------+-------------------------------------------
     0 | D:1      | leafyfresh the Djinni Ice Elementalist began the quest for
                  | the Orb.
     0 | D:1      | leafyfresh set off with the following spells memorised:
                  | Freeze, Frozen Ramparts, Ozocubu's Armour, Hailstorm.
     0 | D:1      | Reached XP level 1. HP: 15/15 MP: 0/0
   289 | D:1      | Reached XP level 2. HP: 18/21 MP: 0/0
   744 | D:1      | Reached XP level 3. HP: 9/25 MP: 0/0
   744 | D:1      | Learned a level 1 spell: Sting
   978 | D:1      | Found a faded altar of an unknown god.
  1831 | D:2      | Reached XP level 4. HP: 20/31 MP: 0/0
  2277 | D:2      | Noticed Robin
  2285 | D:2      | Killed Robin
  2292 | D:2      | Reached skill level 4 in Spellcasting
  2526 | D:2      | Reached XP level 5. HP: 20/35 MP: 0/0
  2526 | D:2      | Learned a level 2 spell: Scorch
  4350 | D:3      | You are sucked into a shaft and drop 1 floor!
  4371 | D:4      | Reached XP level 6. HP: 33/40 MP: 0/0
  4634 | D:4      | Reached skill level 5 in Dodging
  4740 | D:4      | Found a staircase to the Ecumenical Temple.
  4936 | Temple   | Entered the Ecumenical Temple
  4936 | Temple   | Found a transporter.
  4936 | Temple   | Found a transporter.
  4938 | Temple   | Found a transporter.
  4938 | Temple   | Found a transporter.
  5034 | D:4      | Found a large runed translucent door.
  5034 | D:4      | Found a large runed translucent door.
  5039 | D:4      | Noticed Ast3rio's ghost (amateur HOFi)
  5205 | D:4      | Reached XP level 7. HP: 21/45 MP: 0/0
  5205 | D:4      | Learned a level 2 spell: Static Discharge
  5886 | D:4      | Reached skill level 5 in Spellcasting
  6100 | D:4      | Found a sparkling altar of Nemelex Xobeh.
  6101 | D:4      | Found a broken altar of Ashenzari.
  6192 | D:4      | Became a worshipper of Ashenzari the Shackled
  6210 | D:5      | Entered Level 5 of the Dungeon
  6253 | D:5      | Noticed a water moccasin
  6267 | D:5      | Killed a water moccasin
  6537 | D:5      | Reached XP level 8. HP: 17/50 MP: 0/0
  6927 | D:5      | Found Mijal's General Store.
  7096 | D:5      | Noticed Eustachio
  7102 | D:5      | Killed Eustachio
  7103 | D:5      | Reached skill level 6 in Spellcasting
  7508 | D:5      | Reached skill level 7 in Spellcasting
  7928 | D:6      | Reached XP level 9. HP: 4/55 MP: 0/0
  7928 | D:6      | Learned a level 3 spell: Teleport Other
  8498 | D:6      | Reached skill level 8 in Spellcasting
  9935 | D:7      | Noticed a deep elf pyromancer
  9951 | D:7      | Killed a deep elf pyromancer
  9952 | D:7      | Reached skill level 9 in Spellcasting
 10432 | D:7      | Noticed a troll
 11271 | D:7      | Noticed a white ugly thing
 11275 | D:7      | Mangled by a white ugly thing

Illustrated notes

Levels and vault maps discovered:
D:1:      lemuel_arrival_broad_hall, layout_loops_ring,
          dreamdust_ecumenical_altar_angels_and_demons
D:2:      minmay_spotlight, layout_basic, serial_bayou_lagoon_a,
          minmay_tree_intersection, corexii_leaking_fountain, uniq_robin
D:3:      minmay_wonky_spiral, layout_rooms, kennysheep_generic_room_11
D:4:      layout_cave_pods, nicolae_overflow_two_pavilions,
          minmay_temple_entry_offerings, ebering_ghost_disaster_area
D:5:      layout_cave_pools, serial_shops,
          nicolae_shop_competitors_out_of_business, minmay_liquid_box,
          minmay_joined_circles, uniq_eustachio
D:6:      layout_basic, lexackson_kobold_supper
D:7:      layout_basic, kb_rosetta
Temple:   hellmonk_temple_divided_pantheon

Skill      XL: |  1  2  3  4  5  6  7  8  9 |
---------------+----------------------------+-----
Dodging        | 3 4 5 6 |  6.4
Spellcasting   | 4 5 7 9 |  9.4
Stealth        | |  1.8

Action                   |  1- 3 |  4- 6 |  7- 9 || total
-------------------------+-------+-------+-------++-------
Melee: Unarmed           |     8 |       |       ||     8
       Spear             |    68 |   124 |       ||   192
       Hand axe          |       |    18 |    17 ||    35
       Punch             |       |       |     1 ||     1
 Cast: Freeze            |    24 |    18 |    14 ||    56
       Frozen Ramparts   |     4 |    11 |    15 ||    30
       Ozocubu's Armour  |     1 |     2 |     4 ||     7
       Hailstorm         |       |     4 |    10 ||    14
       Sting             |       |    11 |     4 ||    15
       Scorch            |       |     3 |    33 ||    36
       Static Discharge  |       |       |    12 ||    12
       Teleport Other    |       |       |     4 ||     4
Invok: Curse Item        |       |       |     1 ||     1
  Use: Potion            |       |       |     6 ||     6
 Stab: Sleeping          |     5 |    10 |     1 ||    16
Armor: Robe              |    22 |    25 |    11 ||    58
       Skin              |       |       |     7 ||     7
Dodge: Dodged            |    76 |   111 |    70 ||   257
